[Event "Titled Tuesday Blitz March 22 Early 2022"]
[White "Dushyant Sharma"]
[Black "Lou, Yiping"]
[WhiteFideId "25065130"]
[BlackFideId "8603928"]
[WhiteElo "2105"]
[BlackElo "2412"]
[Result "0-1"]
[Round "02"]
[TimeControl "180+1"]
[Date "2022.03.22"]
[WhiteClock "0:00:04"]
[BlackClock "0:00:18"]

1. e4 c5 2. Nf3 d6 3. d4 cxd4 4. Nxd4 Nf6 5. Nc3 a6 6. f4 e5 7. Nf3 Nbd7 8. Bd3 Be7 9. a4 O-O 10. O-O Nc5 11. Kh1 exf4 12. Bxf4 Bg4 13. Qe1 Bh5 14. Nd4 Re8 15. Qg3 Bg6 16. Rae1 Nh5 17. Qh3 Nxf4 18. Rxf4 Bf6 19. Nf5 Bxc3 20. bxc3 d5 21. e5 Qc7 22. Nd6 Nxd3 23. Nxe8 Qxc3 24. Ref1 Rxe8 25. cxd3 Qxe5 26. Qd7 h6 27. h3 Re7 28. Qd8+ Kh7 29. d4 Qe6 30. a5 Be4 31. Kh2 f5 32. R4f2 Rd7 33. Qc8 Qd6+ 34. Kg1 Rc7 35. Qb8 Qe7 36. Rb2 Rd7 37. Qc8 Rc7 38. Qb8 Qd7 39. Rb6 Rc2 40. Rf2 Qa4 41. Rxc2 Qxc2 42. Qg3 f4 43. Qg4 Qd2 44. Rxb7 Qxd4+ 45. Kh2 Qe5 46. Kg1 d4 47. Rd7 d3 48. Kf2 Bg6 49. h4 Qe3+ 50. Kf1 d2 51. Qe2 d1=Q+ 52. Rxd1 Qxe2+ 53. Kxe2 Bh5+ 54. g4 Bxg4+ 0-1


[Site "https://www.chess.com"]

[Event "Titled Tuesday Blitz March 22 Early 2022"]
[White "Dwilewicz, Katarzyna"]
[Black "Karas, Marek"]
[WhiteFideId "1148486"]
[BlackFideId "14928558"]
[WhiteElo "1907"]
[BlackElo "2271"]
[Result "1/2-1/2"]
[Round "02"]
[TimeControl "180+1"]
[Date "2022.03.22"]
[WhiteClock "0:00:05"]
[BlackClock "0:00:13"]

1. e4 g6 2. d4 Bg7 3. Nf3 c6 4. h3 d5 5. e5 f6 6. exf6 exf6 7. Bd3 Ne7 8. O-O O-O 9. Re1 Bf5 10. Bf1 Nd7 11. Nh4 Re8 12. Nxf5 Nxf5 13. Rxe8+ Qxe8 14. Nc3 Nf8 15. g4 Nd6 16. Bf4 Qd7 17. Qf3 Ne6 18. Be3 Ng5 19. Qg3 Nge4 20. Nxe4 Nxe4 21. Qf4 Re8 22. Kg2 Ng5 23. Bd3 Ne6 24. Qg3 Qc7 25. Qxc7 Nxc7 26. Kf3 Kf7 27. h4 Ne6 28. c3 Bf8 29. Rh1 Kg7 30. h5 Ng5+ 31. Bxg5 fxg5 32. hxg6 hxg6 33. a4 Bd6 34. b4 Bf4 35. Rb1 Bd2 36. Rb3 Re1 37. b5 cxb5 38. Rxb5 b6 39. Rxd5 Bxc3 40. Rd7+ Kf6 41. Rd6+ Ke7 42. Rxg6 Bxd4 43. Rxg5 Ra1 44. Bb5 Ra2 45. Rd5 Bc5 46. Rd7+ Kf6 47. Rxa7 Rxf2+ 48. Kg3 Ra2 49. Rd7 Ke5 50. Kf3 Rf2+ 51. Kg3 Rb2 52. Bc6 Bd6 53. Kf3 Rc2 54. Bb5 Rc3+ 55. Ke2 Bc5 56. g5 Kf5 57. Rd5+ Ke6 58. Rd3 Rc2+ 59. Rd2 Rc3 60. Rd3 Rc1 61. Rg3 Bd6 62. Rg4 Kf5 63. Rg2 Rc2+ 64. Kf3 Rc3+ 65. Ke2 Bf8 66. g6 Bg7 67. Bd7+ Ke4 68. Bb5 Ra3 69. Rg4+ Kf5 70. Rg1 Ra2+ 71. Kf3 Ra3+ 72. Ke2 Bd4 73. Rf1+ Kxg6 74. Rf3 Ra2+ 75. Kd3 Bc5 76. Rf1 Ra3+ 77. Kc4 Ra2 78. Kd5 Kg5 79. Kc6 Kg4 80. Rf7 Kg3 81. Rf1 Bf2 82. Rc1 Kf4 83. Rd1 Ke5 84. Rd5+ Kf6 85. Rd1 Rc2+ 86. Kb7 Ke5 87. Ka6 Ra2 88. Rd7 Bc5 89. Rd1 Ke4 90. Rd7 Ra3 91. Rd1 Ke3 92. Rd7 Rb3 93. Rd1 Ra3 94. Rd7 Kf4 95. Rd1 Re3 96. Rd5 Re7 97. a5 bxa5 98. Rxc5 Re6+ 99. Kxa5 Re5 100. Rxe5 Kxe5 1/2-1/2


[Site "https://www.chess.com"]

[Event "Titled Tuesday Blitz March 22 Early 2022"]
[White "Fawole, John Oyeyemi"]
[Black "Santos Flores, Alberto"]
[WhiteFideId "8501319"]
[BlackFideId "3601234"]
[WhiteElo "2091"]
[BlackElo "2235"]
[Result "0-1"]
[Round "02"]
[TimeControl "180+1"]
[Date "2022.03.22"]
[WhiteClock "0:01:17"]
[BlackClock "0:01:46"]

1. e4 c5 2. Nf3 Nc6 3. d4 cxd4 4. Nxd4 g6 5. Nc3 Bg7 6. Be3 Nf6 7. Be2 O-O 8. O-O d6 9. Qd2 Nxd4 10. Bxd4 Be6 11. h3 Qa5 12. f4 Nxe4 13. Nxe4 Qxd2 14. Nxd2 Bxd4+ 15. Kh2 Bxb2 16. Rab1 Bf6 17. Ne4 Kg7 18. Nxf6 Kxf6 19. Rxb7 Rfb8 20. Rfb1 Rxb7 21. Rxb7 Bxa2 22. Bf3 d5 23. Rc7 e6 24. c4 a5 25. g4 a4 26. Kg3 Bxc4 27. g5+ Kg7 28. f5 gxf5 29. h4 a3 30. h5 a2 31. h6+ Kg8 32. Bh5 a1=Q 33. Bxf7+ Kh8 34. Bxe6 Qe5+ 0-1


[Site "https://www.chess.com"]

[Event "Titled Tuesday Blitz March 22 Early 2022"]
[White "Federzoni, Enzo"]
[Black "Agibileg, Uurtsaikh"]
[WhiteFideId "2173301"]
[BlackFideId "4901606"]
[WhiteElo "1956"]
[BlackElo "2205"]
[Result "0-1"]
[Round "02"]
[TimeControl "180+1"]
[Date "2022.03.22"]
[WhiteClock "0:00:03"]
[BlackClock "0:00:10"]

1. c4 Nf6 2. Nc3 g6 3. e4 d6 4. d4 Bg7 5. Nf3 O-O 6. Bd3 e5 7. d5 Nh5 8. Bg5 Bf6 9. Bh6 Bg7 10. Bg5 f6 11. Bh4 g5 12. Bg3 f5 13. exf5 Bxf5 14. Bxf5 Rxf5 15. Ne4 Nd7 16. O-O Nf4 17. Qd2 g4 18. Ne1 Nf6 19. Nxf6+ Qxf6 20. Nd3 h5 21. f3 Nxd3 22. Qxd3 gxf3 23. Rxf3 Rxf3 24. Qxf3 Qxf3 25. gxf3 Rf8 26. Kg2 Bh6 27. b4 Bd2 28. a3 Bc3 29. Rb1 h4 30. Bxh4 Rf4 31. Rc1 Bb2 32. Rc2 Rxh4 33. Rxb2 Rxc4 34. Rd2 b5 35. Kg3 Rc3 36. Kg4 Rxa3 37. Rc2 Rb3 38. Rxc7 Rxb4+ 39. Kg5 a5 40. Kg6 Kf8 41. Rc8+ Ke7 42. Rc7+ Kd8 43. Ra7 a4 44. Kg5 Rf4 45. h4 Rxf3 46. h5 Rg3+ 47. Kf6 Rh3 48. Kg6 e4 49. h6 e3 50. Ra8+ Kd7 51. Ra7+ Kd8 52. Ra8+ Kc7 53. Ra7+ Kb6 54. Re7 a3 55. h7 a2 56. Rxe3 Rxh7 57. Ra3 Rh2 58. Kf6 b4 59. Ra8 b3 60. Ke6 Kc5 61. Rc8+ Kd4 0-1


[Site "https://www.chess.com"]

[Event "Titled Tuesday Blitz March 22 Early 2022"]
[White "Fernandez, Daniel Howard"]
[Black "Ianov, Viktor"]
[WhiteFideId "5801605"]
[BlackFideId "14102730"]
[WhiteElo "2466"]
[BlackElo "2161"]
[Result "1-0"]
[Round "02"]
[TimeControl "180+1"]
[Date "2022.03.22"]
[WhiteClock "0:00:33"]
[BlackClock "0:00:55"]

1. e4 d6 2. d4 Nf6 3. Nc3 c6 4. a4 Qa5 5. Bd3 e5 6. Be3 Be7 7. f3 O-O 8. Ne2 Nbd7 9. O-O Re8 10. Qd2 Qc7 11. a5 Nf8 12. f4 Ng4 13. fxe5 dxe5 14. d5 Nxe3 15. Qxe3 Ng6 16. Kh1 Bg4 17. Rf2 h6 18. Raf1 Rf8 19. dxc6 bxc6 20. Bc4 Bb4 21. Rxf7 Rxf7 22. Rxf7 Qxf7 23. Bxf7+ Kxf7 24. a6 Be6 25. Qd3 Ba5 26. Qd6 Rc8 27. h3 Bc7 28. Qxc6 Bb6 29. Qb7+ Rc7 30. Qb8 Rd7 31. Nd5 Bxd5 32. exd5 Rxd5 33. Qb7+ Ke6 34. Qxg7 Nf4 35. Qg4+ Kd6 36. Nxf4 exf4 37. Qxf4+ Kc6 38. Qf3 Kc5 39. b4+ Kc4 40. Qb3+ Kd4 41. c4 Re5 42. c5 Re1+ 43. Kh2 Bc7+ 44. g3 Re2+ 45. Kg1 Re3 46. Qf7 Bxg3 47. Qxa7 Ke4 48. Qf7 h5 49. a7 h4 50. a8=Q+ 1-0


[Site "https://www.chess.com"]

[Event "Titled Tuesday Blitz March 22 Early 2022"]
[White "Fiorito, Fabian"]
[Black "pedro_nascimento85"]
[WhiteFideId "100200"]
[WhiteElo "2395"]
[BlackElo "2005"]
[Result "1-0"]
[Round "02"]
[TimeControl "180+1"]
[Date "2022.03.22"]
[WhiteClock "0:02:20"]
[BlackClock "0:02:31"]

1. e4 e6 2. d4 d5 3. Nd2 c5 4. Ngf3 Nf6 5. e5 Nfd7 6. c3 Nc6 7. Bd3 Be7 8. O-O O-O 9. Re1 f6 10. exf6 Nxf6 11. dxc5 Bxc5 12. Nb3 Bd6 13. Nbd4 Re8 14. Nxc6 bxc6 15. Ne5 Qc7 16. f4 Bxe5 17. fxe5 Nd7 18. Bxh7+ Kxh7 19. Qh5+ Kg8 20. Qxe8+ 1-0


[Site "https://www.chess.com"]

[Event "Titled Tuesday Blitz March 22 Early 2022"]
[White "Flis, Pawel"]
[Black "Dixit, Nikhil"]
[WhiteFideId "1112864"]
[BlackFideId "5059534"]
[WhiteElo "1735"]
[BlackElo "2223"]
[Result "0-1"]
[Round "02"]
[TimeControl "180+1"]
[Date "2022.03.22"]
[WhiteClock "0:00:13"]
[BlackClock "0:00:40"]

1. e4 Nc6 2. Nf3 g6 3. d4 d6 4. c3 Nf6 5. Bd3 Bg7 6. h3 O-O 7. O-O e5 8. Be3 d5 9. exd5 Nxd5 10. Nxe5 Nxe5 11. dxe5 Nxe3 12. fxe3 Bxe5 13. Na3 Be6 14. Bc4 Qe7 15. Qb3 Bxc4 16. Nxc4 b6 17. Rad1 Rae8 18. Kh1 Bg7 19. Qb5 Qe6 20. Rd3 c6 21. Qb3 Rd8 22. Rfd1 Rxd3 23. Rxd3 Qf5 24. Qd1 b5 25. Na5 Qe6 26. a3 Be5 27. Qb3 Qf5 28. Qd1 Qg5 29. Qf3 c5 30. Nc6 Bg7 31. Rd5 Qh4 32. Rxc5 Qe1+ 33. Kh2 a6 34. Rd5 Qb1 35. Qe2 Qe4 36. Qd3 Qe6 37. Rd6 Be5+ 38. Nxe5 Qxe5+ 39. Kg1 Re8 40. Rd8 Qe7 41. Rxe8+ Qxe8 42. e4 h5 43. Qd6 Qxe4 44. Qd8+ Kg7 45. Qd4+ Qxd4+ 46. cxd4 f5 47. Kf2 g5 48. Ke3 Kf6 49. g3 Ke6 50. b3 Kd5 51. Kd3 a5 52. Kc3 a4 53. bxa4 bxa4 54. Kd3 f4 55. gxf4 gxf4 56. h4 f3 57. Ke3 f2 58. Kxf2 Kxd4 59. Kf3 Kc4 60. Ke3 Kb3 61. Kd3 Kxa3 62. Kc3 Ka2 63. Kc2 a3 64. Kc1 Kb3 65. Kb1 Ka4 66. Ka1 Kb5 67. Ka2 Kb4 68. Kb1 Kc4 69. Ka2 Kd4 70. Kxa3 Ke4 71. Kb4 Kf4 72. Kc4 Kg4 73. Kd4 Kxh4 74. Ke4 Kg3 75. Ke3 h4 76. Ke2 Kg2 77. Ke3 h3 78. Kf4 h2 79. Ke5 h1=Q 80. Kd5 Qe1 81. Kd4 Qe2 82. Kd5 Qe3 83. Kd6 Qe4 84. Kc5 Qd3 85. Kc6 Qd4 86. Kc7 Qd5 87. Kb8 Qc6 88. Ka7 Qb5 89. Ka8 Kf3 90. Ka7 Ke4 91. Ka8 Kd5 92. Ka7 Kc6 93. Ka8 Qb7# 0-1


[Site "https://www.chess.com"]

[Event "Titled Tuesday Blitz March 22 Early 2022"]
[White "Gabdrakhmanov, Azat"]
[Black "Zemerov, Vladimir"]
[WhiteFideId "34189197"]
[BlackFideId "4111583"]
[WhiteElo "2279"]
[BlackElo "2277"]
[Result "1-0"]
[Round "02"]
[TimeControl "180+1"]
[Date "2022.03.22"]
[WhiteClock "0:00:31"]
[BlackClock "0:00:04"]

1. e4 Nc6 2. Nf3 d5 3. exd5 Qxd5 4. Nc3 Qa5 5. a3 Bg4 6. b4 Nxb4 7. Be2 Nc6 8. h3 Bh5 9. Rb1 Qc5 10. Rb5 Qd6 11. Rxh5 O-O-O 12. Rd5 Qe6 13. Rxd8+ Nxd8 14. O-O f6 15. Ng5 Qb6 16. Nge4 e6 17. d3 Ne7 18. Be3 Qc6 19. Qd2 Nd5 20. Nxd5 exd5 21. Ng3 Bxa3 22. Ra1 Bc5 23. Nf5 g6 24. Nd4 Qb6 25. Nb3 Bxe3 26. Qxe3 Qxe3 27. fxe3 a6 28. Kf2 Re8 29. Bf3 c6 30. c4 dxc4 31. dxc4 Ne6 32. Nd4 Re7 33. Nxe6 Rxe6 34. Ra5 Kc7 35. h4 Rd6 36. Ke2 Re6 37. h5 Kb6 38. Ra1 Kc5 39. Rb1 b5 40. cxb5 cxb5 41. Rc1+ Kb6 42. Rc8 a5 43. Rb8+ Kc5 44. Rb7 gxh5 45. Rxh7 a4 46. Bxh5 b4 47. Rc7+ Kb6 48. Rc8 b3 49. Kd3 Ka5 50. Rb8 Rd6+ 51. Kc3 Rc6+ 52. Kd3 Rd6+ 53. Ke4 Rb6 54. Rxb6 Kxb6 55. Kd3 a3 56. Kc3 b2 57. Bg6 Kc5 58. Kb3 Kd5 59. Kxa3 Ke5 60. Kxb2 f5 61. Kc3 Ke4 62. Kd2 Ke5 63. Kd3 1-0


[Site "https://www.chess.com"]

[Event "Titled Tuesday Blitz March 22 Early 2022"]
[White "Garagulya, Konstantin"]
[Black "Piliczewski, Bogusz"]
[WhiteFideId "4128931"]
[BlackFideId "1104144"]
[WhiteElo "2329"]
[BlackElo "1896"]
[Result "1-0"]
[Round "02"]
[TimeControl "180+1"]
[Date "2022.03.22"]
[WhiteClock "0:01:31"]
[BlackClock "0:00:10"]

1. d4 c6 2. Nf3 d5 3. c4 Nf6 4. Qc2 g6 5. Bf4 Bf5 6. Qb3 Qb6 7. Nbd2 Bg7 8. e3 Nbd7 9. h3 O-O 10. c5 Qxb3 11. Nxb3 Bc2 12. Na5 Ne4 13. Nxb7 Ndxc5 14. Na5 Rfc8 15. b4 Nd3+ 16. Bxd3 Bxd3 17. Rc1 Bb5 18. Ne5 Bxe5 19. Bxe5 f6 20. Bh2 a6 21. f3 Nd6 22. Bxd6 exd6 23. Kd2 Ra7 24. Rc3 Rac7 25. Rhc1 Kf7 26. Kc2 Ke6 27. Kb3 Kd7 28. a4 Bc4+ 29. Nxc4 dxc4+ 30. Rxc4 Rb8 31. Ka3 Rb6 32. d5 c5 33. bxc5 Rxc5 34. Rxc5 dxc5 35. Rxc5 Kd6 36. Rc6+ Rxc6 37. dxc6 Kxc6 38. Kb4 Kb6 39. e4 a5+ 40. Kc4 Kc6 41. f4 h6 42. e5 fxe5 43. fxe5 g5 44. g4 Kd7 45. Kd5 Ke7 46. e6 Ke8 47. Ke5 Ke7 48. Kf5 Ke8 49. Kg6 Ke7 50. Kxh6 Kxe6 51. Kxg5 Kd5 52. h4 Kc4 53. h5 Kb4 54. h6 Kxa4 55. h7 Kb3 56. h8=Q a4 57. Qa1 a3 58. Kf4 a2 59. g5 1-0


[Site "https://www.chess.com"]

[Event "Titled Tuesday Blitz March 22 Early 2022"]
[White "Garriga Cazorla, Pere"]
[Black "Mekhane, Adam"]
[WhiteFideId "32011601"]
[BlackFideId "36050601"]
[WhiteElo "2458"]
[BlackElo "2002"]
[Result "1-0"]
[Round "02"]
[TimeControl "180+1"]
[Date "2022.03.22"]
[WhiteClock "0:01:07"]
[BlackClock "0:00:02"]

1. d4 Nf6 2. c4 g6 3. f3 Bg7 4. e4 d6 5. Nc3 O-O 6. Be3 a6 7. Qd2 Nbd7 8. Nge2 b5 9. cxb5 axb5 10. Nxb5 c6 11. Nbc3 e5 12. Rd1 d5 13. dxe5 Nxe5 14. Nf4 Re8 15. Be2 Ba6 16. O-O Bxe2 17. Qxe2 Qa5 18. exd5 cxd5 19. Nfxd5 Nxd5 20. Nxd5 Qxa2 21. Nc7 Nc4 22. Nxe8 Rxe8 23. Rd3 Nxe3 24. Re1 Qa7 25. Kh1 Bh6 26. Qd2 Re6 27. Rd8+ Kg7 28. Qc3+ Rf6 29. Rd6 Qe7 30. Rd3 Kg8 31. Rdxe3 Bxe3 32. Rxe3 Re6 33. Rxe6 Qxe6 34. Qc1 Qb3 35. h3 h5 36. Qc3 Qd1+ 37. Kh2 Qd6+ 38. Kg1 Qd1+ 39. Kf2 h4 40. b4 Qb1 41. Qc8+ Kg7 42. Qc3+ Kg8 43. Qd4 Qc2+ 44. Kg1 Qc1+ 45. Kf2 Qc2+ 46. Ke3 Qc1+ 47. Ke4 Qc2+ 48. Kd5 Qxg2 49. Qxh4 Qxf3+ 50. Kc5 1-0


[Site "https://www.chess.com"]

[Event "Titled Tuesday Blitz March 22 Early 2022"]
[White "Gatterer, Florian"]
[Black "Zarubitski, Viachaslau"]
[WhiteFideId "811688"]
[BlackFideId "13509373"]
[WhiteElo "2218"]
[BlackElo "2325"]
[Result "1-0"]
[Round "02"]
[TimeControl "180+1"]
[Date "2022.03.22"]
[WhiteClock "0:00:13"]
[BlackClock "0:00:01"]

1. Nf3 Nf6 2. c4 c6 3. Nc3 d5 4. e3 g6 5. d4 Bg7 6. Be2 O-O 7. O-O e6 8. Qc2 Nbd7 9. e4 dxe4 10. Nxe4 Nxe4 11. Qxe4 Re8 12. Bg5 Qc7 13. Rfd1 e5 14. d5 f5 15. Qc2 cxd5 16. Rxd5 Nb6 17. Rdd1 Be6 18. Rac1 h6 19. Be3 Bf7 20. b3 e4 21. Nd4 a6 22. Qd2 Nd7 23. Bxh6 Ne5 24. Bxg7 Kxg7 25. f4 e3 26. Qc3 Rh8 27. Nf3 Rae8 28. Nxe5 Kg8 29. g3 Be6 30. Nf3 Bd7 31. Qd4 Bc6 32. Ne5 Qh7 33. h4 1-0


[Site "https://www.chess.com"]

[Event "Titled Tuesday Blitz March 22 Early 2022"]
[White "Golubka, Petro"]
[Black "Toncheva, Nadya"]
[WhiteFideId "14114224"]
[BlackFideId "2924056"]
[WhiteElo "2346"]
[BlackElo "1884"]
[Result "0-1"]
[Round "02"]
[TimeControl "180+1"]
[Date "2022.03.22"]
[WhiteClock "0:00:21"]
[BlackClock "0:00:02"]

1. d4 Nf6 2. Nf3 e6 3. c3 c5 4. Nbd2 d5 5. e3 Bd6 6. a3 O-O 7. dxc5 Bxc5 8. b4 Be7 9. Bb2 b6 10. c4 a5 11. bxa5 bxa5 12. Be2 Nbd7 13. O-O Nc5 14. Rb1 Ba6 15. cxd5 Qxd5 16. Bxa6 Rxa6 17. Qe2 Ra7 18. Nc4 a4 19. Rfd1 Qe4 20. Bd4 Rb7 21. Rxb7 Qxb7 22. Nfe5 Nb3 23. Bb2 Rd8 24. h3 h6 25. f3 Rxd1+ 26. Qxd1 Nd5 27. Kf2 Bh4+ 28. g3 Be7 29. f4 Nc5 30. Bd4 Ne4+ 31. Kg2 Nec3 32. Qf3 Qb3 33. f5 Qc2+ 34. Qf2 Qe4+ 35. Kh2 exf5 36. Nc6 Nd1 37. Nxe7+ Qxe7 38. Qd2 Qc7 39. Ne5 N1c3 40. Nd3 Ne4 41. Qd1 Qxg3+ 42. Kh1 Nxe3 43. Qe2 Qxh3+ 44. Kg1 Qg3+ 45. Kh1 Ng4 46. Bf2 Qxd3 47. Qxd3 Ngxf2+ 0-1


[Site "https://www.chess.com"]

[Event "Titled Tuesday Blitz March 22 Early 2022"]
[White "Goriatchkin, Jouri"]
[Black "Donchenko, Alexander"]
[WhiteFideId "4120183"]
[BlackFideId "24603295"]
[WhiteElo "1555"]
[BlackElo "2539"]
[Result "0-1"]
[Round "02"]
[TimeControl "180+1"]
[Date "2022.03.22"]
[WhiteClock "0:00:10"]
[BlackClock "0:00:52"]

1. d4 Nf6 2. c4 e6 3. Nc3 Bb4 4. Bf4 c5 5. a3 Bxc3+ 6. bxc3 Qa5 7. Bd2 Ne4 8. e3 d5 9. cxd5 exd5 10. Qc2 Bf5 11. Qb2 O-O 12. Nf3 Nd7 13. Be2 c4 14. O-O Rab8 15. a4 a6 16. Rfb1 Nxd2 17. Qxd2 Bxb1 18. Rxb1 Qxa4 19. Ne5 Nxe5 20. dxe5 Qc6 21. Bf3 Rfd8 22. Rd1 b5 23. e4 Qe8 24. exd5 Qxe5 25. Re1 Qf6 26. Rc1 a5 27. Qa2 Qb6 28. Rb1 g6 29. h3 a4 30. Qa3 Qd6 31. Qa2 Qc5 32. Rb4 Re8 33. Qb1 a3 34. Qa2 Re1+ 35. Kh2 Ra8 36. Rb1 Rxb1 37. Qxb1 a2 38. Qa1 Ra6 39. Kg1 Qa3 0-1


[Site "https://www.chess.com"]

[Event "Titled Tuesday Blitz March 22 Early 2022"]
[White "Grieve, Harry"]
[Black "Quirke, Jeffrey"]
[WhiteFideId "426520"]
[BlackFideId "2013029"]
[WhiteElo "2294"]
[BlackElo "2221"]
[Result "1-0"]
[Round "02"]
[TimeControl "180+1"]
[Date "2022.03.22"]
[WhiteClock "0:00:54"]
[BlackClock "0:00:33"]

1. e4 c5 2. Nc3 a6 3. g3 b5 4. Bg2 Bb7 5. Nge2 e6 6. d4 cxd4 7. Nxd4 Nf6 8. O-O b4 9. Na4 Bxe4 10. Bxe4 Nxe4 11. c4 bxc3 12. Re1 Nf6 13. Qb3 Qc7 14. Bf4 Bd6 15. Bxd6 Qxd6 16. Nf5 Qd5 17. Qxc3 Qxf5 18. Qc8+ Ke7 19. Qxh8 Ne4 20. Rxe4 Qxe4 21. Nb6 Ra7 22. Nc8+ Kf6 23. Nxa7 1-0


[Site "https://www.chess.com"]

[Event "Titled Tuesday Blitz March 22 Early 2022"]
[White "Griffith, Kyron"]
[Black "Tay, Junior"]
[WhiteFideId "2046318"]
[BlackFideId "5800439"]
[WhiteElo "2232"]
[BlackElo "2216"]
[Result "1-0"]
[Round "02"]
[TimeControl "180+1"]
[Date "2022.03.22"]
[WhiteClock "0:00:22"]
[BlackClock "0:00:18"]

1. e4 c5 2. Nf3 d6 3. d4 cxd4 4. Nxd4 Nf6 5. Nc3 g6 6. Be3 Nc6 7. Bc4 Bg7 8. f3 h5 9. Qd2 Bd7 10. O-O-O Na5 11. Bb3 Nxb3+ 12. Nxb3 a5 13. a3 a4 14. Nd4 O-O 15. Ndb5 Ra5 16. Qd3 Qb8 17. Bb6 Ra6 18. Bd4 Rc8 19. Kb1 Be6 20. Qe3 Bc4 21. e5 Nd7 22. exd6 exd6 23. Bxg7 Kxg7 24. Qe7 Nf6 25. Rxd6 Bxb5 26. Qxf6+ Kg8 27. Nxb5 Rac6 28. Rhd1 Rxd6 29. Qxd6 b6 30. Qxb8 Rxb8 31. Nc3 b5 32. Rd4 Kg7 33. Rb4 Re8 34. Rxb5 Re1+ 35. Ka2 Rh1 36. h3 Rg1 37. Nxa4 Rxg2 38. c4 Rg3 39. c5 Rxf3 40. c6 Re3 41. c7 1-0


[Site "https://www.chess.com"]

[Event "Titled Tuesday Blitz March 22 Early 2022"]
[White "Grischuk, Alexander"]
[Black "Bernadskiy, Vitaliy"]
[WhiteFideId "4126025"]
[BlackFideId "14100371"]
[WhiteElo "2762"]
[BlackElo "2473"]
[Result "1-0"]
[Round "02"]
[TimeControl "180+1"]
[Date "2022.03.22"]
[WhiteClock "0:00:05"]
[BlackClock "0:00:02"]

1. e4 c6 2. d4 d5 3. e5 Bf5 4. Nf3 e6 5. Be2 Nd7 6. O-O f6 7. c4 fxe5 8. dxe5 Bc5 9. Nbd2 Ne7 10. Nb3 Bb6 11. Bf4 O-O 12. Bg3 Ng6 13. Nbd4 Qe7 14. Nxf5 exf5 15. h3 f4 16. Bh2 Ndxe5 17. cxd5 Rad8 18. Qb3 Rxd5 19. Rad1 Qd6 20. Rxd5 Qxd5 21. Qxd5+ cxd5 22. Rd1 d4 23. Nxd4 Rd8 24. Ne6 Rxd1+ 25. Bxd1 Nd3 26. Kf1 Kf7 27. Ng5+ Ke7 28. Nxh7 Nge5 29. Bc2 Nxb2 30. Bxf4 Ned3 31. Bg3 Nc1 32. a4 Bc5 33. Ng5 Na2 34. Ne4 Bd4 35. h4 a6 36. h5 b5 37. axb5 axb5 38. Bd6+ Ke6 39. Bb3+ Kf5 40. Ng3+ Kg4 41. Bxa2 Nd3 42. Ne4 b4 43. f3+ Kxh5 44. Bc4 Nb2 45. Bb3 Nd3 46. Bc2 Nc1 47. Bxb4 g5 48. Bd2 Na2 49. Bb3 1-0


[Site "https://www.chess.com"]

[Event "Titled Tuesday Blitz March 22 Early 2022"]
[White "Gubanov, Oleg"]
[Black "Manolache, Marius"]
[WhiteFideId "14115115"]
[BlackFideId "1201530"]
[WhiteElo "2080"]
[BlackElo "2389"]
[Result "0-1"]
[Round "02"]
[TimeControl "180+1"]
[Date "2022.03.22"]
[WhiteClock "0:00:09"]
[BlackClock "0:00:17"]

1. e4 c5 2. Nf3 e6 3. c3 Nf6 4. e5 Nd5 5. Bc4 d6 6. d4 cxd4 7. cxd4 Nc6 8. exd6 Bxd6 9. O-O Be7 10. Nc3 O-O 11. Re1 Nb6 12. Bd3 Bf6 13. Be3 Nd5 14. Nxd5 exd5 15. h3 Be6 16. Rc1 Rc8 17. Qb3 Na5 18. Rxc8 Qxc8 19. Qb5 Nc6 20. Rc1 Qd7 21. Ng5 Bxg5 22. Bxg5 Nxd4 23. Qxd7 Bxd7 24. Rc7 Bc6 25. Be3 Ne6 26. Re7 d4 27. Bd2 Rd8 28. Bc4 a6 29. f4 g6 30. g4 Re8 31. Rxe8+ Bxe8 32. f5 gxf5 33. gxf5 Nc5 34. Kf2 Ne4+ 35. Ke2 Nd6 36. Bd3 Bd7 37. f6 Bb5 38. Bf4 Ne4 39. Bxb5 axb5 40. Be5 Nc5 41. Bxd4 Ne6 42. Be5 h5 43. Kd3 Kh7 44. h4 Kg6 45. Kc3 Kf5 46. Bd6 Kxf6 47. Kb4 Kf5 48. Kxb5 Kg4 49. Be7 f5 50. Kb6 f4 51. Bb4 f3 52. Be1 Kh3 53. Kxb7 Kg2 54. a4 Nd4 55. a5 Nc2 56. a6 Nxe1 57. a7 f2 58. a8=Q f1=Q 59. b4 Qf3+ 60. Ka7 Qxa8+ 61. Kxa8 Nd3 62. b5 Nc5 63. b6 Kg3 64. Ka7 Kxh4 65. Kb8 Nd7+ 66. Kc7 Nxb6 67. Kxb6 Kg3 0-1


[Site "https://www.chess.com"]

[Event "Titled Tuesday Blitz March 22 Early 2022"]
[White "Gulecyuz, Deniz"]
[Black "Selbes, Tarik"]
[WhiteFideId "30921341"]
[BlackFideId "6302513"]
[WhiteElo "1923"]
[BlackElo "2290"]
[Result "0-1"]
[Round "02"]
[TimeControl "180+1"]
[Date "2022.03.22"]
[WhiteClock "0:00:16"]
[BlackClock "0:01:17"]

1. Nf3 Nf6 2. g3 g6 3. Bg2 Bg7 4. c4 O-O 5. O-O d6 6. Nc3 Nc6 7. d3 e5 8. Rb1 a5 9. a3 Nd4 10. b4 c6 11. e3 Nxf3+ 12. Bxf3 axb4 13. axb4 d5 14. b5 Be6 15. bxc6 bxc6 16. c5 Nd7 17. d4 exd4 18. exd4 Nxc5 19. Nxd5 Na4 20. Rb4 Bxd5 21. Bxd5 Nc3 22. Bxf7+ Rxf7 23. Qc2 Nd5 24. Rc4 Qd7 25. Bd2 Ra6 26. Kg2 h5 27. f3 Kh7 28. Rc1 Re7 29. Bg5 Qe6 30. Rxc6 Rxc6 31. Qxc6 Qe2+ 32. Kg1 Bxd4+ 0-1


[Site "https://www.chess.com"]

[Event "Titled Tuesday Blitz March 22 Early 2022"]
[White "Guseva, Marina"]
[Black "Cramling Bellon, Anna"]
[WhiteFideId "4149351"]
[BlackFideId "32009232"]
[WhiteElo "2160"]
[BlackElo "1905"]
[Result "1-0"]
[Round "02"]
[TimeControl "180+1"]
[Date "2022.03.22"]
[WhiteClock "0:00:08"]
[BlackClock "0:00:03"]

1. d4 Nf6 2. Nf3 d5 3. Bf4 c5 4. e3 Nc6 5. Nbd2 cxd4 6. exd4 Bf5 7. c3 e6 8. Qb3 Qc8 9. Nh4 Be4 10. Nxe4 dxe4 11. g3 Be7 12. Ng2 Nd5 13. Bd2 O-O 14. Ne3 Qd7 15. Bg2 f5 16. O-O h6 17. Rae1 Bg5 18. f3 Na5 19. Qd1 Bxe3+ 20. Bxe3 Nc4 21. Bc1 e3 22. Qd3 b5 23. b3 Ncb6 24. Bxe3 Nxe3 25. Rxe3 Rac8 26. f4 Rfe8 27. Rfe1 Nd5 28. Bxd5 Qxd5 29. Re5 Qd7 30. R1e3 a6 31. Qe2 b4 32. c4 Qxd4 33. Kg2 Qd5+ 34. cxd5 exd5 35. Rxe8+ 1-0


[Site "https://www.chess.com"]

[Event "Titled Tuesday Blitz March 22 Early 2022"]
[White "Dronavalli, Harika"]
[Black "Kotepalli, Sai Nirupama"]
[WhiteFideId "5015197"]
[BlackFideId "5039444"]
[WhiteElo "2382"]
[BlackElo "2424"]
[Result "1-0"]
[Round "02"]
[TimeControl "180+1"]
[Date "2022.03.22"]
[WhiteClock "0:00:26"]
[BlackClock "0:00:14"]

1. d4 Nc6 2. Nf3 d6 3. e4 g6 4. Bb5 Bd7 5. Nc3 Bg7 6. O-O Nf6 7. h3 a6 8. Bd3 O-O 9. Re1 e5 10. Be3 Nh5 11. Bf1 Nf6 12. Qd2 Re8 13. Bg5 exd4 14. Nd5 Be6 15. Rad1 Bxd5 16. exd5 Ne7 17. Bc4 b5 18. Bb3 Nf5 19. Nxd4 Qd7 20. Nc6 Ne4 21. Qf4 Nxg5 22. Qxg5 Bxb2 23. g4 Ng7 24. a4 Bc3 25. Re3 b4 26. a5 Rxe3 27. Qxe3 Re8 28. Qf3 Re1+ 29. Rxe1 Bxe1 30. Qe2 Qe8 31. Qxa6 Qe4 32. Qd3 Qf4 33. Qe3 Qxe3 34. fxe3 Bd2 35. Kf2 1-0


[Site "https://www.chess.com"]

[Event "Titled Tuesday Blitz March 22 Early 2022"]
[White "Harish, Neeraj"]
[Black "Shtyka, Sergey"]
[WhiteFideId "30958130"]
[BlackFideId "4138465"]
[WhiteElo "1574"]
[BlackElo "2014"]
[Result "0-1"]
[Round "02"]
[TimeControl "180+1"]
[Date "2022.03.22"]
[WhiteClock "0:00:03"]
[BlackClock "0:00:39"]

1. e4 c5 2. Nf3 Nc6 3. Bb5 Nd4 4. Nxd4 cxd4 5. Bc4 g6 6. d3 Bg7 7. O-O e6 8. f4 Ne7 9. Bb3 O-O 10. Nd2 d5 11. e5 f6 12. Nf3 Nc6 13. exf6 Bxf6 14. Qe2 Qd6 15. Bd2 Bd7 16. Rae1 Rae8 17. Ne5 Bc8 18. Ng4 Bg7 19. Ne5 a6 20. a4 b6 21. a5 Nxa5 22. Bxa5 bxa5 23. Ba4 Re7 24. Qd2 Qb4 25. Qxb4 axb4 26. Nc6 Rb7 27. Na5 Rc7 28. Nc6 Bd7 29. Ne7+ Kf7 30. Bxd7 Rxd7 31. Nc6 Rb7 32. Ra1 Rb6 33. Ne5+ Ke7 34. Ra5 Rc8 35. Rc1 Kd6 36. Kf2 Bxe5 37. fxe5+ Kxe5 38. Re1+ Kd6 39. Re2 Rbc6 40. Kf3 h6 41. Kf4 Rf8+ 42. Kg4 Rf1 43. h4 Kc7 44. h5 g5 45. Ra4 Kb6 46. Rxb4+ Kc5 47. Ra4 Rb6 48. Ra3 Kd6 49. Ra1 Rf4+ 50. Kg3 Ke7 51. Ra2 Kf6 52. c3 e5 53. cxd4 Rxd4 54. Kf3 Rxd3+ 55. Kg4 Rb4+ 0-1


[Site "https://www.chess.com"]